 Dungeon Crawl Stone Soup version 0.21-a0-552-g593960d (webtiles) character file.

63 polly the Skirmisher (level 3, 0/29 HPs)
             Began as a Demonspawn Berserker on Dec 18, 2017.
             Was a Believer of Trog.
             Succumbed to an adder's poison
             ... on level 2 of the Dungeon.
             The game lasted 00:02:34 (1272 turns).

polly the Skirmisher (Demonspawn Berserker)         Turns: 1272, Time: 00:02:34

Health: 0/29       AC:  3    Str: 14 (17) XL:     3   Next: 89%
Magic:  3/3        EV: 12    Int:  5 (8)  God:    Trog [**....]
Gold:   85         SH:  0    Dex: 10 (13) Spells: 2/2 levels left

rFire    . . .     SeeInvis .   a - +0 mace
rCold    . . .     Gourm    .   (no shield)
rNeg     . . .     Faith    .   b - +0 animal skin
rPois    .         Spirit   .   (no helmet)
rElec    .         Reflect  .   (no cloak)
rCorr    .         Harm     .   (no gloves)
MR       .....                  (no boots)
Stlth    +.........             (no amulet)
HPRegen  0.09/turn              (no ring)
MPRegen  0.08/turn              (no ring)

@: lethally poisoned (0 -> -2), flying
A: talons 1, rugged brown scales 1
a: Berserk, Trog's Hand, Burn Spellbooks, Renounce Religion


You were on level 2 of the Dungeon.
You worshipped Trog.
Trog was pleased with you.
You were not hungry.

You visited 1 branch of the dungeon, and saw 2 of its levels.

You collected 85 gold pieces.

Inventory:

Hand Weapons
 a - a +0 mace (weapon)
Armour
 b - a +0 animal skin (worn)
Scrolls
 d - a scroll of remove curse {unknown}
 h - a scroll of immolation {unknown}
 i - a scroll of identify {unknown}
Potions
 e - a potion of flight
Comestibles
 c - a bread ration
 f - a meat ration


   Skills:
 + Level 3.6 Fighting
 + Level 3.5 Maces & Flails
 + Level 1.8 Armour
 + Level 2.3 Dodging
 + Level 0.4 Stealth


You had 2 spell levels left.
You didn't know any spells.

Dungeon Overview and Level Annotations

Branches:
Dungeon (2/15)

Altars:


Innate Abilities, Weirdness & Mutations

You have sharp toenails.
You are partially covered in rugged brown scales. (AC +1, +3% HP)


Message History

It was a potion of flight.
You feel very buoyant.
You fly up into the air.
* * * LOW HITPOINT WARNING * * *
You feel sick.
It was a potion of degeneration.
There was something very wrong with that liquid.
You feel weakened.
You feel dopey.
You feel clumsy.
Okay, then.
* * * LOW HITPOINT WARNING * * *
You feel sick.
* * * LOW HITPOINT WARNING * * *
You feel sick.
* * * LOW HITPOINT WARNING * * *
You feel sick.
* * * LOW HITPOINT WARNING * * *
You feel sick.
* * * LOW HITPOINT WARNING * * *
You feel sick.
You die...

.##########
#..# ##.#######
..†<†......
...# #........#
†..########
##.# #........#
...#### ##.#
###........####
......# ..
...............
..†...# #.
#........####
......# #.##
#........#
......# #..#
#........#
#.....# #@#
##.#######
#.....# #.##
#.# #..^..#
#..# #.#
####### ##.#
#)# #.# #.#
#.## #.# #..#
#.# ##.###.###
#....†..#


There were no monsters in sight!

Vanquished Creatures
  An adder (D:2)
  An ooze (D:1)
  2 worms (D:2)
  A dart slug (D:2)
  2 leopard geckos
  7 bats
  A giant cockroach (D:1)
  4 goblins
  5 hobgoblins (D:1)
  2 jackals (D:1)
  4 kobolds (D:1)
  A quokka (D:2)
  4 frilled lizards (D:1)
  5 rats
40 creatures vanquished.

Notes
Turn   | Place    | Note
-------+----------+-------------------------------------------
     0 | D:1      | polly the Demonspawn Berserker began the quest for the Orb.
     0 | D:1      | Reached XP level 1. HP: 18/18 MP: 1/1
    64 | D:1      | Gained mutation: You are partially covered in rugged brown scales. (AC +1, +3% HP) [demonic ancestry]
    64 | D:1      | Reached XP level 2. HP: 8/24 MP: 2/2
   573 | D:1      | Reached ** piety under Trog
   613 | D:1      | Gained mutation: You have sharp toenails. [demonic ancestry]
   613 | D:1      | Reached XP level 3. HP: 27/29 MP: 3/3
  1264 | D:2      | HP: 1/29 [poisoned by an adder]
  1272 | D:2      | Succumbed to an adder's poison

Vault maps used:
D:1:      dpeg_arrival_fog, serial_bayou, serial_bayou_pond_b,
          serial_bayou_pond_d, serial_bayou_pond_d, serial_bayou_pond_d,
          serial_bayou_pond_d
D:2:      nicolae_overflow_crystal_walls, uniq_terence

Skill      XL: |  1  2 |
---------------+-------+-----
Maces & Flails | 3 |  3.5
Dodging        | 2 |  2.3
Fighting       | |  3.6
Armour         | |  1.8
Stealth        | |  0.4

Action                   || total
-------------------------++-------
Melee: Mace              ||   112
       Kick              ||    16
  Use: Potion            ||     2
 Stab: Sleeping          ||     2
  Eat: Chunk             ||     1
Armor: Animal skin       ||    47
Dodge: Dodged            ||    96

Table legend:
 A = Spawn XP
 B = Non-spawn XP
 C = Spawn XP percentage of total XP
 D = Spawn monster count
 E = Non-spawn monster count
 F = Spawn count percentage of total count
 G = Total turns spent on level
                    A         B        C        D         E        F      G
               +---------+---------+-------+---------+---------+-------+---------
         Total |       0 |      91 |   0.0 |       0 |      40 |   0.0 |  1272
               +---------+---------+-------+---------+---------+-------+---------
           D:1 |       0 |      52 |   0.0 |       0 |      28 |   0.0 |  1001
           D:2 |       0 |      39 |   0.0 |       0 |      12 |   0.0 |   271
               +---------+---------+-------+---------+---------+-------+---------
